[Event "Early-Titled-Tuesday-Blitz-July-09-2024"]
[Site "Chess.com"]
[Date "2024.07.09"]
[Round "1"]
[White "AwareIdea"]
[Black "KhBegmuratov"]
[Result "0-1"]
[WhiteElo "2487"]
[BlackElo "2900"]
[TimeControl "180+1"]
[EndTime "8:06:57 PDT"]
[Termination "KhBegmuratov won by resignation"]

1. d4 d5 2. c4 e6 3. Nf3 a6 4. cxd5 exd5 5. Bf4 Nf6 6. Nc3 c6 7. e3 Bd6 8. Bg5 Be6 9. Qb3 Qc7 10.
Rc1 Nbd7 11. Be2 O-O 12. Bh4 Rab8 13. O-O Rfe8 14. Bg3 Bxg3 15. hxg3 Qd6 16. Na4 Ne4 17.
Qc2 Bg4 18. Bd3 h6 19. Bxe4 Rxe4 20. Nc5 Nxc5 21. dxc5 Qf6 22. Qc3 Qg6 23. Ne5 Qg5 24. Nf3 Qh5 25. Nd2 Re7 26. Qb4 Rbe8 27. Rfe1 Qg6 28.
Rc3 h5 29. Qf4 Bc8 30. Rd1 Bg4 31. Re1 d4 32. Qxd4 Rd7 33. Qf4 Rxd2 34. f3 Be6 35. e4 Rxb2 36. Rd1 Qf6 37. Qxf6 gxf6 38. a3 b6 39. cxb6 Rxb6 40. Rd6 Rc8 41. f4 f5 42. e5 Rb1+ 43. Kh2 Rb2 44. Rdxc6 Rxc6 45. Rxc6 Rxg2+ 46. Kh3 Rg1 47. Rd6 Ra1 48. Rxa6 Rh1+ 49. Kg2 Bd5+ 50. Kf2 Rh2+ 51. Ke3 Rg2 52. Kd4 Be6 53.
a4 Rxg3 54. Ra8+ Kg7 55. a5 Rf3 56. a6 Rxf4+ 57. Kc5 Ra4 58. a7 h4 59. Kb6 h3 60.
Rd8 h2 61. Rd1 Bd5 62. Rxd5 h1=Q 63. Rb5 Qg1+ 64. Kc6 Rxa7 0-1

[Event "Early-Titled-Tuesday-Blitz-July-09-2024"]
[Site "Chess.com"]
[Date "2024.07.09"]
[Round "1"]
[White "dropstoneDP"]
[Black "komogro"]
[Result "1-0"]
[WhiteElo "3030"]
[BlackElo "2531"]
[TimeControl "180+1"]
[EndTime "8:06:58 PDT"]
[Termination "dropstoneDP won on time"]

1. e4 e5 2. Nf3 Nc6 3. Bb5 a6 4. Ba4 Nf6 5. O-O Be7 6. Bxc6 dxc6 7. d3 Nd7 8. a4 a5 9. Nbd2 O-O 10. Nc4 Bd6 11.
Kh1 f6 12. Nh4 Nc5 13. Be3 Ne6 14. Nf5 Re8 15. Qg4 g6 16. Qg3 Nf4 17. Nfxd6 cxd6 18.
Bxf4 exf4 19. Qxf4 d5 20. exd5 cxd5 21. Nd6 Re6 22. Nb5 Bd7 23. Nd4 Re5 24. Rae1 Qe7 25. Nf3 Re6 26. Rxe6 Bxe6 27. Re1 Re8 28. h3 Qf7 29.
Nd4 Kg7 30. Qd6 Bd7 31. Rxe8 Qxe8 32. Qxd5 Qe1+ 33. Kh2 Bxa4 34. Qxb7+ Kh6 35. Nf3 Qxf2 36. b3 Qxc2 37. bxa4 Qxa4 38. Qb8 Qb4 39. Qxb4 axb4 40. Nd4 Kg5 41. Kg3 f5 42. Kf3 Kf6 43. Kf4 g5+ 44.
Ke3 h5 45. g3 h4 46. gxh4 gxh4 47. Kf4 Kg6 48. Nb3 Kf6 49. Nc5 Kg6 50. d4 Kf6 51. d5 Ke7 52. Ke5 f4 53. d6+ Kd8 54. Kxf4 1-0

[Event "Early-Titled-Tuesday-Blitz-July-09-2024"]
[Site "Chess.com"]
[Date "2024.07.09"]
[Round "1"]
[White "klimkoj"]
[Black "aanshnerurkar"]
[Result "1-0"]
[WhiteElo "2876"]
[BlackElo "2477"]
[TimeControl "180+1"]
[EndTime "8:06:58 PDT"]
[Termination "klimkoj won on time"]

1. c4 c5 2. Nf3 Nc6 3. d4 cxd4 4.
Nxd4 Nf6 5. Nc3 g6 6. e4 Bg7 7. Be3 d6 8. Be2 O-O 9. O-O Bd7 10. Nc2 Rc8 11. Rc1 a6 12. f4 Be6 13. b3 Nd7 14.
Qd2 Nc5 15. Bf3 Qa5 16. Nd4 Nxd4 17. Bxd4 f6 18. Rfd1 b5 19. cxb5 axb5 20. Qe2 b4 21. Nd5 Rfe8 22. f5 Bf7 23. Ne3 Rc7 24. Nd5 Bxd5 25.
exd5 Kf8 26. fxg6 hxg6 27. Rc2 Rec8 28. Rdc1 Qa6 29. Qe3 Qa7 30. h4 Kf7 31. h5 g5 32.
Be4 Kf8 33. Bg6 Rd8 34. Rxc5 dxc5 35. Qe6 1-0

[Event "Early-Titled-Tuesday-Blitz-July-09-2024"]
[Site "Chess.com"]
[Date "2024.07.09"]
[Round "1"]
[White "Payyappat"]
[Black "Kobalia"]
[Result "0-1"]
[WhiteElo "2434"]
[BlackElo "2790"]
[TimeControl "180+1"]
[EndTime "8:06:58 PDT"]
[Termination "Kobalia won on time"]

1. e4 c5 2. Nf3 e6 3. d4 cxd4 4. Nxd4 Nc6 5. Be3 Nf6 6. Nc3 a6 7. Bd3 d6 8. O-O Be7 9. f4 O-O 10. f5 Nxd4 11. Bxd4 e5 12. Be3 b5 13. g4 h6 14. g5 hxg5 15. Bxg5 b4 16. Bxf6 bxc3 17.
Bxe7 Qxe7 18. Qh5 cxb2 19. Rab1 Qf6 20. Rf3 Qh6 21. Qxh6 gxh6 22. Rg3+ Kh7 23. Rxb2 a5 24. Rb6 Rd8 25. f6 Be6 26. Rg7+ Kh8 27. Kf2 Bxa2 28. Kg3 Be6 29. Kh4 Rg8 30. Rxg8+ Kxg8 31. Rxd6 a4 32. Rb6 a3 33. Rb1 a2 34. Ra1 Rb8 35. c4 Rb3 36. Bf1 Rb1 37. Rxa2 Rxf1 38. Rg2+ Kh8 39.
c5 Rf4+ 40. Kh5 Rxe4 41. Rd2 Kh7 42. Rg2 Rf4 43. c6 Rxf6 44. c7 Rf5+ 45. Kh4 Rf4+ 46. Kh5 f6 0-1

[Event "Early-Titled-Tuesday-Blitz-July-09-2024"]
[Site "Chess.com"]
[Date "2024.07.09"]
[Round "1"]
[White "lluiss"]
[Black "Viacheslav92"]
[Result "0-1"]
[WhiteElo "2167"]
[BlackElo "2572"]
[TimeControl "180+1"]
[EndTime "8:06:58 PDT"]
[Termination "Viacheslav92 won by resignation"]

1. Nf3 Nf6 2. d4 d5 3. c4 e6 4. cxd5 exd5 5. Nc3 Be7 6. Bg5 O-O 7. Qc2 c5 8. e3 Nc6 9. a3 cxd4 10. exd4 h6 11.
Bh4 Bg4 12. Rd1 Rc8 13. Be2 Ne4 14. Bxe7 Qxe7 15. Nxd5 Qe6 16. Nc3 Bxf3 17. gxf3 Nxc3 18. bxc3 Ne7 19. Qe4 Rxc3 20. Qxe6 fxe6 21. O-O Rxa3 22. Bc4 Nd5 23. Rfe1 Rc3 24. Ba2 Nf4 25. Bxe6+ Nxe6 26. Rxe6 Rf7 27. d5 Rd7 28. d6 Kf7 29. Re4 Rxf3 30. Rde1 Rxd6 31. Re7+ Kg6 32. Rxb7 Rf7 33. Reb1 Rdf6 34.
Rxf7 Rxf7 35. Rb8 Kf6 36. Kg2 Ke6 37. Rd8 Rd7 38. Rg8 Kd6 39. Kf3 Kc5 40. Rb8 a5 41. Ke3 Ra7 0-1

[Event "Early-Titled-Tuesday-Blitz-July-09-2024"]
[Site "Chess.com"]
[Date "2024.07.09"]
[Round "1"]
[White "Juicy_Fork"]
[Black "maciek_92"]
[Result "0-1"]
[WhiteElo "2454"]
[BlackElo "2832"]
[TimeControl "180+1"]
[EndTime "8:07:00 PDT"]
[Termination "maciek_92 won on time"]

1. e4 c5 2. Nf3 e6 3. d4 cxd4 4. Nxd4 Nc6 5. Nc3 a6 6. Be3 Nf6 7. a3 Qc7 8. f4 d6 9. Qf3 Bd7 10. O-O-O Rc8 11. g4 Nxd4 12. Rxd4 Bc6 13. g5 Nd7 14. h4 d5 15. exd5 Bxd5 16. Rxd5 exd5 17. Bd3 Bd6 18. Nxd5 Qc6 19. Bd4 Kf8 20. h5 Bc5 21.
Bc3 h6 22. Bf5 Rd8 23. Bxd7 Rxd7 24. Bxg7+ Kxg7 25. Qc3+ Kg8 26. Nf6+ Kf8 27. Nxd7+ Ke7 28. Nxc5 Qxh1+ 29. Kd2 Qg2+ 30. Kc1 Qf1+ 31. Kd2 Qxf4+ 32. Ke2 Qh2+ 33. Kf1 Qh1+ 34. Kf2 Qh4+ 35. Kf1 Qf4+ 36.
Ke2 Rc8 37. Qf6+ Qxf6 38. gxf6+ Kxf6 39. b4 a5 40. c3 axb4 41. cxb4 Kg5 42. Nxb7 Kxh5 43.
a4 Kg4 44. a5 h5 45. Nd6 Ra8 46. Nxf7 h4 47. Kf2 Rf8 48. Kg2 Rxf7 49. a6 h3+ 50. Kh2 Rf2+ 51. Kg1 Kg3 0-1

[Event "Early-Titled-Tuesday-Blitz-July-09-2024"]
[Site "Chess.com"]
[Date "2024.07.09"]
[Round "1"]
[White "MarlonJodar"]
[Black "SahibSinghKnight"]
[Result "0-1"]
[WhiteElo "2359"]
[BlackElo "2670"]
[TimeControl "180+1"]
[EndTime "8:07:00 PDT"]
[Termination "SahibSinghKnight won by resignation"]

1. e4 c5 2. Nf3 d6 3. d4 cxd4 4. Nxd4 Nf6 5. Nc3 a6 6. Bg5 Nbd7 7. Qe2 h6 8. Bh4 g6 9. O-O-O Qc7 10. g4 b5 11. Bg2 Bb7 12. Nd5 Nxd5 13. exd5 Rc8 14.
Rhe1 g5 15. Bg3 Qc4 16. Qxc4 Rxc4 17. Nf5 Kd8 18. h3 Nf6 19. Re2 h5 20. Rde1 hxg4 21. hxg4 Bxd5 22. f3 Be6 23. Ne3 Ra4 24. a3 b4 25.
axb4 Rxb4 26. Kb1 Bg7 27. Nf5 Bxf5 28. gxf5 Nh5 29. Bh2 Bxb2 30. Re4 Rb7 31. Ka2 Bc3 32. R1e3 Rb2+ 33. Ka3 Rxc2 34. Kb3 Rxg2 35. Bxd6 exd6 36. Kxc3 Nf6 37. Re7 Nd5+ 38. Kd4 Nxe7 0-1

[Event "Early-Titled-Tuesday-Blitz-July-09-2024"]
[Site "Chess.com"]
[Date "2024.07.09"]
[Round "1"]
[White "SpeedofLight0"]
[Black "ShahMatKanal"]
[Result "0-1"]
[WhiteElo "3158"]
[BlackElo "2552"]
[TimeControl "180+1"]
[EndTime "8:07:01 PDT"]
[Termination "ShahMatKanal won by checkmate"]

1. d4 d5 2. Nc3 Nf6 3. Bf4 a6 4. e3 b5 5. Bd3 Bb7 6. g4 h6 7.
h4 e6 8. Qf3 Bd6 9. g5 Nfd7 10.
gxh6 gxh6 11. Bxd6 cxd6 12. O-O-O b4 13. Nce2 Nc6 14.
Nf4 Qa5 15. Kb1 O-O-O 16. Nge2 Nb6 17. Rhg1 Rd7 18. Rg7 Rhd8 19. Nh5 f5 20. Rg6 Re7 21. Nef4 e5 22. Bxf5+ Kb8 23. Ne6 Na4 24. Ka1 Nc3 25.
bxc3 bxc3 26. Qxd5 Qxd5 27. Rb1 Rc8 28. Rb3 exd4 29.
e4 Qa5 30. Nef4 Nb4 31. Kb1 Qxa2+ 32. Kc1 Qxc2# 0-1

[Event "Early-Titled-Tuesday-Blitz-July-09-2024"]
[Site "Chess.com"]
[Date "2024.07.09"]
[Round "1"]
[White "Boundless_Strike"]
[Black "GAO"]
[Result "0-1"]
[WhiteElo "2778"]
[BlackElo "2459"]
[TimeControl "180+1"]
[EndTime "8:07:01 PDT"]
[Termination "GAO won on time"]

1. d4 Nf6 2. Nc3 e6 3. e4 d5 4. Be3 dxe4 5. f3 exf3 6. Nxf3 Be7 7. Bd3 Nbd7 8. O-O c5 9. Qe1 cxd4 10. Nxd4 a6 11.
Qg3 g6 12. Nxe6 fxe6 13. Bxg6+ hxg6 14. Qxg6+ Kf8 15. Ne4 Qe8 16. Bh6+ Rxh6 17. Qxh6+ Kg8 18. Qg5+ Kf7 19. Rxf6+ Nxf6 20. Rf1 Qd8 21. Qh5+ Kg7 22. Qg5+ Kf7 23. Kh1 Qh8 24. Qe5 Bd7 25. Qc7 Rd8 26.
Qxb7 Qh4 0-1

[Event "Early-Titled-Tuesday-Blitz-July-09-2024"]
[Site "Chess.com"]
[Date "2024.07.09"]
[Round "1"]
[White "luggevoila"]
[Black "profedechess93"]
[Result "0-1"]
[WhiteElo "2305"]
[BlackElo "2625"]
[TimeControl "180+1"]
[EndTime "8:07:01 PDT"]
[Termination "profedechess93 won by resignation"]

1. e4 e6 2. d4 d5 3. Nc3 Nf6 4. exd5 exd5 5. Bd3 Bb4 6. Nf3 O-O 7. O-O Bxc3 8.
bxc3 Bg4 9. h3 Bh5 10. Rb1 b6 11. Bf4 Re8 12. g4 Bg6 13. Ne5 Ne4 14. Qe1 f6 15.
Nxg6 hxg6 16. f3 Nc5 17. Qd2 Nxd3 18. Qxd3 g5 19. Bg3 Nc6 20. Rfe1 Qd7 21. Kg2 Na5 22. Qg6 Qf7 23. Qf5 Nc4 24. h4 gxh4 25. Bxh4 Ne3+ 26.
Rxe3 Rxe3 27. Rh1 Qe6 28. Qg6 Re2+ 29. Bf2 Qe3 30. Qh7+ Kf7 31. Qh5+ Ke7 32. Rf1 Qg5 33. Qh2 Kd7 34. c4 dxc4 35. Kg1 Rae8 36. Rd1 Rxc2 0-1

[Event "Early-Titled-Tuesday-Blitz-July-09-2024"]
[Site "Chess.com"]
[Date "2024.07.09"]
[Round "1"]
[White "Shankland"]
[Black "chrisclaireredfield"]
[Result "0-1"]
[WhiteElo "2873"]
[BlackElo "2499"]
[TimeControl "180+1"]
[EndTime "8:07:02 PDT"]
[Termination "chrisclaireredfield won by resignation"]

1. d4 d5 2. c4 c6 3. Nc3 Nf6 4. e3 a6 5. Nf3 b5 6. b3 Bg4 7.
Be2 Nbd7 8. O-O e6 9. Bb2 Be7 10. Ne5 Bxe2 11. Nxe2 Nxe5 12. dxe5 Nd7 13. Nd4 Rc8 14.
cxd5 cxd5 15. Rc1 Nc5 16. Qg4 O-O 17. Ba3 Qd7 18. Rc2 Nd3 19. Bxe7 Qxe7 20. Rxc8 Rxc8 21.
f4 g6 22. Qg3 Kh8 23. h4 h5 24. Qh3 Rc3 25. g4 hxg4 26. Qxg4 Nc5 27. Rf3 Rc1+ 28. Kg2 Nd3 29. Rh3 Qb4 30. h5 Qd2+ 31. Ne2 g5 32. Rh2 Re1 33. Kh3 Qxe3+ 34. Qg3 Rxe2 35.
Rxe2 Nxf4+ 0-1

[Event "Early-Titled-Tuesday-Blitz-July-09-2024"]
[Site "Chess.com"]
[Date "2024.07.09"]
[Round "1"]
[White "Paladin61"]
[Black "MdChess1734"]
[Result "1-0"]
[WhiteElo "2753"]
[BlackElo "2418"]
[TimeControl "180+1"]
[EndTime "8:07:02 PDT"]
[Termination "Paladin61 won by checkmate"]

1. d4 Nf6 2. c4 e6 3. g3 Bb4+ 4. Bd2 Qe7 5. Bg2 Nc6 6. Nf3 Bxd2+ 7. Qxd2 Ne4 8. Qc2 Qb4+ 9. Kf1 Nf6 10. Nbd2 Qe7 11. e4 e5 12. d5 Nb4 13. Qc3 O-O 14. a3 Na6 15. Qxe5 Qd8 16. b4 d6 17. Qc3 Re8 18. Re1 c6 19. h3 Bd7 20. Kg1 Rc8 21.
dxc6 bxc6 22. Kh2 Nc7 23. Re3 Ne6 24. Rhe1 Qb6 25. e5 dxe5 26. Nxe5 Rcd8 27. c5 Qc7 28. Ndc4 Nd5 29. Qb2 Nxe3 30. Rxe3 Ng5 31. Nd6 Re7 32. h4 Ne6 33. Nf5 Ree8 34. Nc4 Nf8 35. Qxg7# 1-0

[Event "Early-Titled-Tuesday-Blitz-July-09-2024"]
[Site "Chess.com"]
[Date "2024.07.09"]
[Round "1"]
[White "albi1999"]
[Black "GM-2024-GM"]
[Result "1-0"]
[WhiteElo "2660"]
[BlackElo "2343"]
[TimeControl "180+1"]
[EndTime "8:07:02 PDT"]
[Termination "albi1999 won on time"]

1. Nf3 d5 2. g3 Nd7 3. d4 Ngf6 4. Bg2 e6 5. O-O Be7 6. c4 dxc4 7. Qc2 Nb6 8. Nbd2 O-O 9. Nxc4 Nxc4 10. Qxc4 a6 11. Bf4 Bd6 12. Rac1 b5 13. Qc2 Bb7 14. Rfd1 Be4 15.
Qd2 Rc8 16. Qa5 Bxf4 17. gxf4 Qd6 18. e3 Rfd8 19. Ne5 c5 20. Bxe4 Nxe4 21. dxc5 Qxd1+ 22. Rxd1 Rxd1+ 23. Kg2 Rd2 24. Qxa6 Rxf2+ 25. Kh3 Rd8 26. Qb7 Nxc5 27. Qxf7+ Kh8 28. Qe7 Rc8 29. Nf7+ Kg8 30. Ng5 h6 31. Nxe6 1-0

[Event "Early-Titled-Tuesday-Blitz-July-09-2024"]
[Site "Chess.com"]
[Date "2024.07.09"]
[Round "1"]
[White "ilya2700"]
[Black "Erdnya15"]
[Result "0-1"]
[WhiteElo "2222"]
[BlackElo "2590"]
[TimeControl "180+1"]
[EndTime "8:07:03 PDT"]
[Termination "Erdnya15 won on time"]

1. e4 c5 2. c4 d6 3. Ne2 Nc6 4. d4 cxd4 5. Nxd4 Nf6 6. Nc3 g6 7. Be2 Bg7 8. Be3 O-O 9. O-O a5 10. f4 a4 11. Rb1 Qa5 12. Bf3 Nd7 13. Nd5 Qd8 14. Nxc6 bxc6 15. Nc3 a3 16. Bd4 axb2 17. Bxg7 Kxg7 18. Rxb2 Qa5 19. Qd4+ e5 20. Qd3 Qc5+ 21. Kh1 Ra3 22. Rb3 Rxb3 23. axb3 Qd4 24. Qxd4 exd4 25.
Ne2 c5 26. Ra1 Nf6 27. Ra7 Re8 28. Ng3 h5 29. h4 Bg4 30. Ra6 Rb8 31. Rxd6 Rxb3 32.
e5 Ne8 33. Bxg4 Nxd6 34. exd6 hxg4 35. Ne4 d3 36. d7 Rb8 37. Kg1 Rd8 38. Kf2 Rxd7 39.
Ke3 f5 40. Nd2 Rd4 41. g3 Kf6 42. Nb3 Rxc4 43. Kxd3 Ra4 44. Nxc5 Ra3+ 45. Kd4 Rxg3 46. Nd3 Rxd3+ 47. Kxd3 Ke6 48. Kd4 Kd6 49. Kc4 Kc6 50.
Kd4 Kb5 51. Ke3 Kc4 52. Kf2 Kd4 53. Kg3 Ke4 54. Kh2 Kxf4 0-1

[Event "Early-Titled-Tuesday-Blitz-July-09-2024"]
[Site "Chess.com"]
[Date "2024.07.09"]
[Round "1"]
[White "ThanhNghia"]
[Black "Lupul_Cenusiu"]
[Result "1-0"]
[WhiteElo "2471"]
[BlackElo "2719"]
[TimeControl "180+1"]
[EndTime "8:07:04 PDT"]
[Termination "ThanhNghia won on time"]

1. e4 c6 2. d4 d5 3. exd5 cxd5 4. Bd3 Nc6 5. c3 Nf6 6. h3 e6 7. Nf3 Be7 8. O-O O-O 9. Re1 Rb8 10. Bf4 Bd6 11.
Bg5 b5 12. Ne5 Na5 13. Nd2 Nc4 14. Rb1 a5 15. a3 Be7 16. Nc6 Qc7 17. Nxb8 Qxb8 18.
Qf3 h6 19. Bf4 Qb6 20. Nf1 Bd7 21. Ng3 b4 22. axb4 axb4 23. Nh5 Nxh5 24. Qxh5 Bf6 25. Qf3 Be7 26. Qg3 Kh8 27. Bc2 Ra8 28. Qd3 f5 29. Bb3 Bb5 30. Bxc4 Bxc4 31. Qe3 Ra6 32. Ra1 g5 33.
Rxa6 Qxa6 34. Qxe6 Qxe6 35. Rxe6 Bf8 36. Be5+ Kg8 37.
Rg6+ Kf7 38. Rf6+ Ke7 39. Rxf5 b3 40. Rf6 Ke8 41. Rb6 Be7 42. f3 Kd7 43. Rxh6 Kc8 44. Rb6 Bd8 45. Rb8+ Kd7 46. Kf2 Be7 47. g3 Bd8 48. f4 gxf4 49. Bxf4 Bf6 50. h4 Ke6 51. h5 Kf5 52. h6 Kg6 53. Rb6 Kf7 54. Rb7+ Kg6 55.
h7 Bh8 56. Be5 1-0

[Event "Early-Titled-Tuesday-Blitz-July-09-2024"]
[Site "Chess.com"]
[Date "2024.07.09"]
[Round "1"]
[White "Chemim21"]
[Black "sirinbaba33"]
[Result "0-1"]
[WhiteElo "2190"]
[BlackElo "2579"]
[TimeControl "180+1"]
[EndTime "8:07:04 PDT"]
[Termination "sirinbaba33 won on time"]

1. d4 Nf6 2. Bg5 d5 3. Nd2 c5 4. e3 Nc6 5. c3 e6 6. Bd3 h6 7. Bh4 e5 8. dxe5 Nxe5 9. Bb5+ Bd7 10. Bxd7+ Nexd7 11. Ngf3 Bd6 12. O-O Qc7 13. c4 g5 14.
Bg3 Bxg3 15. hxg3 O-O-O 16. cxd5 Nxd5 17. Nc4 N7f6 18. Qc2 Kb8 19. a3 Rhe8 20. Rfd1 Re6 21. Rac1 b6 22. Qf5 Ne7 23. Rxd8+ Qxd8 24. Qc2 Nc6 25.
Rd1 Qe8 26. Nd6 Qf8 27. Nc4 Ne4 28. Nfd2 Nf6 29. Nf3 Ne4 30. Nfd2 Nd6 31. Nf3 Qe7 32. Nxd6 Rxd6 33. Rxd6 Qxd6 34. Qd2 Kc7 35. Qxd6+ Kxd6 36. Kf1 Na5 37. Nd2 Kd5 38. Ke2 Nc4 0-1

[Event "Early-Titled-Tuesday-Blitz-July-09-2024"]
[Site "Chess.com"]
[Date "2024.07.09"]
[Round "1"]
[White "Moultino06"]
[Black "Schack-Hugo"]
[Result "0-1"]
[WhiteElo "2922"]
[BlackElo "2524"]
[TimeControl "180+1"]
[EndTime "8:07:06 PDT"]
[Termination "Schack-Hugo won by resignation"]

1. d4 d5 2. Nf3 c5 3. e3 e6 4. c4 dxc4 5. Bxc4 Nc6 6. O-O cxd4 7.
exd4 Nf6 8. Nc3 Be7 9. Bg5 O-O 10. Rc1 Nb4 11. Ne5 a6 12. Bb3 Bd7 13. Qf3 Bc6 14.
Nxc6 Nxc6 15. Rfd1 h6 16. Bh4 Qa5 17. Bc2 Rad8 18.
Bxf6 Bxf6 19. d5 Nd4 20. Rxd4 Bxd4 21. Qe4 Bxf2+ 22. Kxf2 g6 23. Kg1 exd5 24. Qd4 b5 25.
Bb3 Rd6 26. Nxd5 Rfd8 27. Nf6+ Kh8 28. Qf4 Qb6+ 29. Kh1 Rxf6 30. Qxh6+ Kg8 31. h3 a5 32. a3 Qd6 33. Qg5 Qf4 34. Qc5 Rd2 35. Bd5 Qd6 36.
Qc8+ Kg7 37. Be4 Qf4 38. Bf3 Rd8 39. Qc3 b4 40. axb4 axb4 41. Qc2 Rd2 42. Qb3 Qd4 43. Rf1 Qxb2 44. Qc4 Qc3 45. Qe4 b3 46. h4 b2 47. h5 Rd4 48. Qe2 Rh4+ 49. Kg1 Qd4+ 50. Qf2 Qxf2+ 51. Kxf2 Rxh5 52. Rb1 Rb5 53. Ke3 Ra6 54. Be2 Ra1 0-1

[Event "Early-Titled-Tuesday-Blitz-July-09-2024"]
[Site "Chess.com"]
[Date "2024.07.09"]
[Round "1"]
[White "JJDAREK"]
[Black "KogotBobra17"]
[Result "0-1"]
[WhiteElo "2338"]
[BlackElo "2657"]
[TimeControl "180+1"]
[EndTime "8:07:06 PDT"]
[Termination "KogotBobra17 won on time"]

1. Nf3 b5 2. e4 Bb7 3. Bxb5 Bxe4 4. O-O Nf6 5. d4 c6 6. Ba4 Qa5 7. Bb3 e6 8. Nbd2 d5 9. Re1 Be7 10. Nxe4 Nxe4 11. c3 O-O 12. Bc2 Nf6 13. Ne5 c5 14.
Re3 cxd4 15. cxd4 Rc8 16. Qd3 Nc6 17. Nxc6 Rxc6 18. Bd2 Qc7 19. Ba4 Rd6 20. Rc1 Qb6 21. b4 Ne4 22. Be1 Rdd8 23. f3 Nd6 24. Rc6 Qb7 25. Qa6 Qxa6 26. Rxa6 Nc4 27. Re2 Bf6 28. Bf2 Rab8 29. b5 Rb7 30. g4 h6 31. h4 Rc8 32.
Kg2 Nb6 33. Bb3 Rc1 34. Bg3 Bxd4 35. g5 hxg5 36. hxg5 Nc4 37. a4 Ne3+ 38. Kh2 Nf1+ 39. Kg2 Ne3+ 40. Kh2 Nf5 41. Rc6 Rh1+ 42. Kxh1 Nxg3+ 43. Kg2 Nxe2 44. Rc8+ Kh7 0-1

[Event "Early-Titled-Tuesday-Blitz-July-09-2024"]
[Site "Chess.com"]
[Date "2024.07.09"]
[Round "1"]
[White "ploxoi"]
[Black "iwanyu"]
[Result "0-1"]
[WhiteElo "2478"]
[BlackElo "2878"]
[TimeControl "180+1"]
[EndTime "8:07:08 PDT"]
[Termination "iwanyu won by resignation"]

1. d4 Nf6 2. c4 c5 3. d5 e6 4. Nc3 exd5 5. cxd5 d6 6. g3 g6 7. Bg2 Bg7 8. Nf3 O-O 9. O-O Na6 10. Bf4 Nc7 11. a4 b6 12. Qb3 Bg4 13. Nd2 Nh5 14. Be3 Re8 15. h3 Bc8 16. Nc4 Ba6 17. Nb5 Bxb5 18.
axb5 a6 19. bxa6 b5 20. Na5 Nxg3 21. Nc6 Nxe2+ 22. Kh1 Qh4 23. a7 Nf4 24. Bxc5 dxc5 25. d6 Nxg2 26. Kxg2 Ne6 27. d7 Red8 28. Nxd8 Qxd8 29.
Qf3 Bxb2 30. Rab1 Bd4 31. Rxb5 Rxa7 32. Rb7 Rxb7 33. Qxb7 Kg7 34. Qd5 Nf4+ 0-1

[Event "Early-Titled-Tuesday-Blitz-July-09-2024"]
[Site "Chess.com"]
[Date "2024.07.09"]
[Round "1"]
[White "theoneandonlydaaevik"]
[Black "VirtualCoach"]
[Result "1-0"]
[WhiteElo "2617"]
[BlackElo "2300"]
[TimeControl "180+1"]
[EndTime "8:07:08 PDT"]
[Termination "theoneandonlydaaevik won by resignation"]

1. c4 c5 2. Nf3 Nc6 3. g3 e6 4.
Bg2 Nf6 5. O-O d5 6. cxd5 exd5 7.
d4 c4 8. Nc3 Bb4 9. Bg5 Bxc3 10. bxc3 O-O 11. Ne5 Be6 12. e4 dxe4 13. Nxc6 bxc6 14.
Bxe4 Bd5 15. Bxd5 cxd5 16. Qf3 h6 17. Bxf6 gxf6 18. Rab1 Qd7 19. Qxf6 Qh3 20. Rb5 Rad8 21. Re1 Rfe8 22. Re5 a6 23. Rb7 Rf8 24. Ree7 Qh5 25. Rxf7 Rxf7 26. Rxf7 Qxf7 27. Qxd8+ Kg7 28. Kg2 Qf5 29.
Qe7+ Kg8 30. Qe3 a5 31. h3 a4 32. Qe8+ Kg7 33. Qxa4 Qe4+ 34. Kh2 Qf5 35. Qa7+ Kg8 36.
Qb8+ Kh7 37. Qb2 Qd3 38. a4 Qg6 39. Qa2 h5 40. a5 h4 41. a6 Qf7 42. a7 hxg3+ 43.
fxg3 1-0

[Event "Early-Titled-Tuesday-Blitz-July-09-2024"]
[Site "Chess.com"]
[Date "2024.07.09"]
[Round "1"]
[White "GM_Huschenbeth"]
[Black "Nemegejas"]
[Result "0-1"]
[WhiteElo "2510"]
[BlackElo "2950"]
[TimeControl "180+1"]
[EndTime "8:07:09 PDT"]
[Termination "Nemegejas won on time"]

1. e4 c6 2. d4 d5 3. Nc3 dxe4 4. Nxe4 Nf6 5. Nxf6+ exf6 6. c3 Bd6 7. Bd3 O-O 8. Qc2 Re8+ 9. Ne2 h5 10. O-O h4 11.
h3 Nd7 12. c4 Nf8 13. Bd2 Bd7 14. Rad1 Ng6 15. Nc3 Nf4 16. Bxf4 Bxf4 17. Bh7+ Kh8 18. Bf5 Be6 19. d5 cxd5 20. cxd5 Bxf5 21. Qxf5 Be5 22. Qh5+ Kg8 23. Qxh4 Qb6 24. Rd2 Rac8 25. Ne4 Qa6 26. d6 Red8 27. d7 Rc6 28. f4 Bc7 29. Re1 Re6 30. f5 Re5 31. Rc1 Ba5 32. Rd6 Qe2 33. Nf2 Rxf5 34. Rc8 Qe1+ 35. Kh2 Rxf2 0-1

[Event "Early-Titled-Tuesday-Blitz-July-09-2024"]
[Site "Chess.com"]
[Date "2024.07.09"]
[Round "1"]
[White "tomesao"]
[Black "NikitaShnadrygin"]
[Result "0-1"]
[WhiteElo "2416"]
[BlackElo "2741"]
[TimeControl "180+1"]
[EndTime "8:07:09 PDT"]
[Termination "NikitaShnadrygin won by resignation"]

1. e4 c5 2. Nf3 e6 3. g3 Nc6 4. Bg2 d5 5. exd5 exd5 6. O-O Nf6 7. Re1+ Be7 8. d4 O-O 9. c3 Bf5 10. h3 Re8 11. Bg5 Qb6 12. b3 h6 13. Be3 Ne4 14. Ne5 Nxe5 15. dxe5 Rad8 16. b4 d4 17. bxc5 Bxc5 18.
cxd4 Bxd4 19. Bxd4 Rxd4 20. Qb3 Qxb3 21. axb3 a6 22.
Na3 Nc5 23. Re3 Red8 24. Nc4 b5 25. Nd6 Be6 26. Rb1 Rb4 27. Rc3 Rxb3 28. Rbxb3 Nxb3 29. f4 Nd4 30. Rd3 Nf5 31. Bc6 Nxd6 32. Rxd6 Rxd6 33.
exd6 Kf8 34. g4 f5 35. g5 b4 36. gxh6 gxh6 37. Kf2 b3 38. Ba4 b2 39. Bc2 Ba2 40.
d7 Ke7 41. Bxf5 b1=Q 42. Bxb1 Bxb1 43. Kg3 Kxd7 0-1

[Event "Early-Titled-Tuesday-Blitz-July-09-2024"]
[Site "Chess.com"]
[Date "2024.07.09"]
[Round "1"]
[White "arenal72"]
[Black "Witty_Alien"]
[Result "1-0"]
[WhiteElo "2709"]
[BlackElo "2398"]
[TimeControl "180+1"]
[EndTime "8:07:09 PDT"]
[Termination "arenal72 won by resignation"]

1. Nf3 Nf6 2. g3 g6 3. Bg2 Bg7 4. O-O O-O 5. d3 d6 6. c4 c5 7. Nc3 Nc6 8. h3 h6 9. e4 e5 10.
Be3 Be6 11. Qd2 Qd7 12. Kh2 Kh7 13. Nd5 Bxd5 14. cxd5 Nd4 15. b4 b6 16. bxc5 bxc5 17. Qa5 Nc2 18. Rab1 g5 19. Nd2 Rab8 20. Nc4 g4 21. h4 h5 22. Qc3 Qa4 23. Nxd6 Nxe3 24.
fxe3 Qxa2 25. Ra1 Qe2 26. Rfe1 Qf2 27. Rf1 Qe2 28. Rae1 Qb2 29. Qxb2 Rxb2 30. Ra1 Rfb8 31. Rxa7 Re2 32. Nxf7 Rbb2 33. Rg1 Rxe3 34. Nxe5 Ree2 35. d6 Rb8 36. Nc6 Rc8 37. e5 Rxc6 38. exf6 Rxd6 39. Rxg7+ Kh8 40. Rg5 c4 41. dxc4 Rf2 42. Rxh5+ Kg8 43. Rd5 Re6 44. Rg5+ Kh7 45. Rxg4 Kh6 46. Kh3 Kh5 47. Rg5+ Kh6 48. Bd5 Ree2 49. Rg2 Rxg2 50. Bxg2 Re4 51. Rh5+ Kg6 52. Bxe4+ 1-0

[Event "Early-Titled-Tuesday-Blitz-July-09-2024"]
[Site "Chess.com"]
[Date "2024.07.09"]
[Round "1"]
[White "EsmeraldasAnderson03"]
[Black "Oleksandr_Bortnyk"]
[Result "0-1"]
[WhiteElo "2532"]
[BlackElo "3075"]
[TimeControl "180+1"]
[EndTime "8:07:10 PDT"]
[Termination "Oleksandr_Bortnyk won by resignation"]

1. d4 Nf6 2. c4 b6 3. Nc3 Bb7 4. d5 e5 5. e4 Bc5 6. g3 c6 7.
Bg2 cxd5 8. cxd5 Ba6 9. Nge2 Ng4 10. O-O Qf6 11. Qe1 h5 12. h3 h4 13. b4 Bxb4 14. hxg4 Bxe2 15. Qxe2 Bxc3 16. g5 Qd6 17. Qc4 Qc5 18.
Qxc5 bxc5 19. Rb1 hxg3 20. Be3 gxf2+ 21. Rxf2 Na6 22. Bf1 Nc7 23. Bxc5 Rh5 24. Bd6 Rxg5+ 25. Kh2 Rc8 26. Rc2 Rg6 27. Rxc3 Rxd6 28. Rbc1 Kd8 29.
a4 a5 30. Kg3 Rb6 31. Bb5 Rbb8 32. Bd3 Ne8 33. Rc5 Rxc5 34. Rxc5 Rb3 35. Rxa5 Rxd3+ 36. Kg4 Ke7 37. Ra8 g6 38. a5 Nf6+ 39. Kg5 Nxe4+ 40.
Kg4 Rxd5 41. a6 Ra5 42. a7 Nd6 43. Kg5 Nb5 0-1